Map: Lost and Found LE

Players

ArT

  • Race: Protoss Protoss
  • Spawn Location: 1:00

Nerchio - Winner!

  • Race: Zerg Zerg
  • Spawn Location: 7:00

Event: WCS Valencia 2018

VOD

Have the link to the VOD?

Description

Time

  • Played on: July 12, 2018, 7:43 a.m.
  • Length: 9:24

All games in this series

Show
View Real Time Build Order
Export as new Build Order

ArT Protoss 

Build Orders: 1 Gate Expand, Oracle Opening, Phoenix Opening, Chargelot Immortal 

Get SALT Encoding   

  12  0:00  Probe  
  13  0:12  Probe  
  14  0:18  Pylon  
  14  0:24  Probe  
  15  0:32  Probe  
  15  0:38  Gateway  
  15  0:40  Probe  
  16  0:47  Assimilator  
  17  0:51  Probe  
  18  1:03  Probe  
  19  1:15  Probe  
  20  1:25  Nexus  
  20  1:35  Cybernetics Core  
  20  1:39  Probe  
  21  1:46  Assimilator  
  21  1:51  Probe  
  22  1:55  Pylon  
  22  2:03  Probe  
  22  2:04  Adept  
  23  2:15  Probe  
  26  2:19  Stargate  
  26  2:26  Warp Gate  
  26  2:27  Probe  
  27  2:31  Adept  
  27  2:33  Probe  
  27  2:35  Probe  
  29  2:41  Probe  
  29  2:43  Probe  
  33  2:51  Probe  
  33  2:53  Probe  
  33  2:55  Phoenix  
  35  3:03  Probe  
  38  3:05  Probe  
  38  3:10  Pylon  
  39  3:15  Probe  
  39  3:17  Probe  
  39  3:18  Oracle  
  41  3:25  Gateway  
  44  3:28  Probe  
  44  3:30  Probe  
  46  3:34  Assimilator  
  46  3:36  Assimilator  
  46  3:40  Probe  
  47  3:42  Probe  
  47  3:47  Robotics Facility  
  48  3:52  Probe  
  48  3:54  Twilight Council  
  49  4:03  Gateway x2  
  49  4:05  Probe x2  
  49  4:09  Pylon  
  51  4:11  Resonating Glaives  
  51  4:17  Probe  
  51  4:18  Pylon, Probe  
  51  4:23  Warp Prism  
  53  4:33  Adept x2  
  59  4:41  Probe  
  59  4:43  Pylon  
  60  4:55  Adept  
  60  4:56  Adept  
  64  5:00  Adept x2  
  68  5:08  Nexus  
  68  5:10  Pylon  
  68  5:16  Adept  
  68  5:17  Adept  
  68  5:20  Adept  
  68  5:21  Adept  
  76  5:22  Observer  
  76  5:27  Pylon  
  77  5:33  Probe x2  
  79  5:42  Adept x3  
  85  5:46  Adept  
  85  5:47  Probe  
  85  5:48  Probe  
  87  5:56  Immortal, Probe x2  
  87  6:05  Probe  
  87  6:06  Sentry x4  
  94  6:14  Pylon  
  94  6:15  Pylon  
  86  6:22  Gateway  
  86  6:25  Gateway  
  80  6:30  Sentry x3  
  86  6:33  Sentry  
  86  6:34  Immortal  
  88  6:40  Gateway  
  88  6:41  Gateway  
  92  6:48  Probe  
  92  6:49  Probe x2  
  95  6:54  Adept x2  
  95  6:56  Sentry x2  
  95  6:57  Observer  
  103  7:03  Probe  
  103  7:04  Probe x2  
  106  7:08  Pylon  
  106  7:26  Charge  
  106  7:28  Pylon  
  106  7:29  Adept x3  
  112  7:30  Adept x3  
  112  7:32  Probe  
  112  7:36  Pylon  
  120  7:37  Probe x2  
  120  7:41  Assimilator x2  
  120  7:43  Forge  
  105  7:59  Adept x7  
  105  8:00  Adept  
  105  8:01  Immortal  
  101  8:08  Probe  
  101  8:09  Probe  
  101  8:10  Probe  
  74  8:26  Zealot x6, Templar Archives  
  86  8:33  Zealot  
  86  8:34  Zealot  
  90  8:40  Immortal  
  94  8:49  Pylon  
  94  8:52  Adept x5  
  91  9:07  Zealot x3  
  83  9:11  Cybernetics Core  
  83  9:14  Zealot x4  
Show
View Real Time Build Order
Export as new Build Order

Nerchio Zerg - Winner!

Build Orders: Hatch First 

Get SALT Encoding   

  12  0:00  Drone  
  13  0:12  Overlord  
  13  0:16  Drone  
  14  0:31  Drone x2  
  16  0:49  Hatchery  
  15  0:51  Drone  
  15  0:55  Drone  
  17  0:58  Drone  
  18  1:09  Extractor  
  17  1:15  Spawning Pool  
  17  1:17  Drone  
  17  1:20  Drone  
  18  1:28  Drone  
  19  1:38  Overlord  
  19  1:50  Drone  
  20  2:01  Queen x2  
  20  2:02  Zergling x4  
  26  2:12  Metabolic Boost  
  26  2:13  Drone  
  27  2:16  Drone  
  27  2:21  Drone  
  27  2:22  Drone  
  30  2:38  Hatchery  
  30  2:40  Drone  
  30  2:43  Drone  
  31  2:45  Drone  
  32  2:53  Queen  
  32  2:57  Overlord  
  34  3:01  Drone x2  
  36  3:06  Overlord  
  36  3:15  Drone x4  
  36  3:16  Drone  
  41  3:20  Drone  
  41  3:22  Overlord  
  41  3:24  Drone  
  41  3:26  Drone  
  44  3:31  Queen  
  46  3:35  Drone x2  
  48  3:42  Drone x3  
  48  3:46  Lair  
  48  3:47  Drone  
  52  3:50  Drone  
  52  3:52  Spore Crawler  
  52  3:53  Drone  
  52  3:55  Drone  
  54  3:57  Extractor  
  54  3:58  Extractor  
  54  4:00  Overlord  
  52  4:03  Zergling x4  
  52  4:04  Zergling x2  
  52  4:06  Zergling x2  
  56  4:12  Drone  
  56  4:13  Drone  
  56  4:14  Spore Crawler  
  56  4:16  Overlord  
  57  4:19  Drone x2  
  57  4:22  Drone x2  
  57  4:24  Drone  
  62  4:25  Drone  
  62  4:31  Overlord  
  63  4:33  Baneling Nest, Drone  
  63  4:34  Drone  
  64  4:39  Overlord  
  64  4:45  Hydralisk Den  
  63  4:52  Zergling x16  
  71  4:57  Extractor  
  71  4:58  Overlord  
  70  5:04  Drone  
  70  5:05  Drone  
  71  5:14  Hydralisk  
  71  5:15  Hydralisk x4  
  71  5:19  Hydralisk x2  
  85  5:22  Hydralisk  
  85  5:24  Hydralisk  
  85  5:27  Hydralisk  
  91  5:36  Muscular Augments  
  91  5:37  Overlord x2  
  91  5:45  Hydralisk x2  
  91  5:47  Zergling x4  
  97  5:51  Baneling x2  
  97  5:52  Baneling  
  97  5:53  Overlord x2  
  97  5:59  Zergling x10  
  97  6:01  Zergling x2  
  97  6:02  Zergling x2  
  96  6:05  Zergling x2  
  96  6:06  Zergling x2  
  96  6:08  Zergling x2  
  95  6:13  Drone x2  
  95  6:14  Drone x2  
  95  6:17  Drone  
  95  6:21  Drone  
  95  6:23  Drone  
  94  6:27  Drone x4  
  94  6:29  Baneling x3  
  94  6:32  Drone  
  99  6:35  Evolution Chamber, Drone  
  99  6:38  Drone  
  100  6:44  Centrifical Hooks  
  100  6:45  Hydralisk x2  
  104  6:47  Grooved Spines  
  104  6:51  Hydralisk  
  106  6:54  Overlord  
  106  6:55  Hydralisk x2  
  106  7:00  Overlord  
  110  7:02  Drone x4  
  110  7:03  Extractor  
  113  7:12  Baneling  
  113  7:13  Baneling x2  
  113  7:14  Hydralisk x2  
  117  7:17  Hatchery  
  117  7:18  Hydralisk  
  117  7:22  Zergling x10  
  123  7:26  Zergling x2  
  123  7:27  Zergling x6  
  123  7:28  Zergling x2  
  127  7:31  Baneling x2  
  127  7:32  Baneling x5  
  127  7:33  Zergling x2  
  127  7:34  Zergling x2  
  127  7:36  Zergling x4  
  130  7:37  Zergling x2  
  130  7:40  Overlord  
  131  7:49  Hydralisk  
  131  7:50  Hydralisk x2  
  134  7:56  Hydralisk x2  
  122  8:00  Zergling x16  
  122  8:01  Hydralisk  
  117  8:07  Hydralisk  
  106  8:13  Hydralisk x2  
  106  8:18  Hydralisk  
  112  8:21  Extractor  
  112  8:22  Hydralisk  
  112  8:24  Zergling x6  
  116  8:27  Zergling x2  
  116  8:31  Zergling x2  
  116  8:32  Hatchery  
  116  8:33  Zergling x2  
  118  8:35  Baneling x3  
  118  8:37  Baneling  
  118  8:39  Zergling x4  
  120  8:46  Hydralisk x3  
  125  8:53  Hydralisk x2  
  129  8:55  Zergling x2  
  129  8:56  Zergling x10  
  129  9:00  Hydralisk  
  131  9:06  Zergling x2  
Tags
 
Add a new tag
Caveats
  • Supply blocks, unpowered buildings, or Contaminate may cause inaccurate times.
  • Supply counts are checked every 10 seconds.